 Dungeon Crawl Stone Soup version 0.24-a0-93-ge1bfdf8 (webtiles) character file.

Game seed: 3642897322135449310

1173 FrankyJ the Ruffian (level 8, -3/63 HPs)
             Began as a Ghoul Gladiator on Feb 6, 2019.
             Was an Initiate of Hepliaklqana.
             Slain by an orc warrior
             ... wielding a +0 dire flail
              (13 damage)
             ... on level 6 of the Dungeon on Feb 11, 2019.
             The game lasted 00:25:16 (5566 turns).

FrankyJ the Ruffian (Ghoul Gladiator)               Turns: 5566, Time: 00:25:16

Health: -3/63      AC:  5    Str: 18    XL:     8   Next: 41%
Magic:  16/16      EV: 12    Int:  5    God:    Hepliaklqana [......]
Gold:   168        SH:  0    Dex: 10    Spells: 7/7 levels left

rFire    . . .     SeeInvis .     - Unarmed
rCold    + . .     Gourm    .   (no shield)
rNeg     + + +     Faith    .   a - +0 leather armour
rPois    ∞         Spirit   .   b - +1 helmet
rElec    .         Reflect  .   (no cloak)
rCorr    .         Harm     .   (no gloves)
MR       .....                  (no boots)
Stlth    ++........             D - amulet of the acrobat
HPRegen  0.00/turn              n - ring of magical power
MPRegen  0.15/turn              y - ring of stealth

@: confused, rotting
A: rotting body, reduced essence, claws 1, carnivore, cold resistance 1,
negative energy resistance 3, inhibited regeneration, torment resistance,
unbreathing
a: Recall Ancestor, Ancestor Identity, Renounce Religion


You were on level 6 of the Dungeon.
You worshipped Hepliaklqana.
Hepliaklqana was noncommittal.
You were not hungry.

You visited 2 branches of the dungeon, and saw 7 of its levels.

You collected 301 gold pieces.
You spent 133 gold pieces at shops.

Inventory:

Hand Weapons
 g - a +6 hand axe of chopping
Missiles
 h - 4 needles of frenzy
 l - 6 javelins (quivered)
 m - 4 needles of confusion
 t - 37 poisoned needles
 u - 5 needles of sleeping
Armour
 a - a +0 leather armour (worn)
 b - a +1 helmet (worn)
 A - a +3 plate armour
 C - a +2 scale mail of cold resistance
Jewellery
 n - a ring of magical power (left claw)
 y - a ring of stealth (right claw)
 D - an amulet of the acrobat (around neck)
Wands
 q - a wand of random effects (23)
 x - a wand of scattershot (4)
 z - a wand of paralysis (10)
 B - a wand of iceblast (6)
Scrolls
 e - 3 scrolls of enchant weapon
 i - a scroll of magic mapping {unknown}
 j - 3 scrolls of amnesia
 k - a scroll of fog
 o - a scroll of identify
 p - a scroll of fear {unknown}
 s - a scroll of teleportation
 v - 2 scrolls of random uselessness {unknown}
Potions
 f - a potion of flight
 w - a potion of brilliance
 F - a potion of berserk rage {unknown}
 G - a potion of curing
Comestibles
 d - 7 rations


   Skills:
 - Level 6.1 Fighting
 - Level 4.0 Throwing
 - Level 3.0 Armour
 + Level 3.4 Dodging
 - Level 7.0 Unarmed Combat


You had 7 spell levels left.
You didn't know any spells.
Your spell library contained the following spells:

 Spells                   Type           Power        Failure   Level  Hunger
 Corona                   Hex            #......      54%         1    ##.....
 Ensorcelled Hibernation  Hex/Ice        #.....       67%         2    ###....
 Confuse                  Hex            #.......     88%         3    ####...
 Dazzling Spray           Conj/Hex       #.....       88%         3    ####...
 Tukima's Dance           Hex            #.......     88%         3    ####...


Dungeon Overview and Level Annotations

Branches:
Dungeon (6/15)             Temple (1/1) D:5

Altars:
Ashenzari
Dithmenos
Elyvilon
Fedhas
Gozag
Hepliaklqana
Kikubaaqudgha
Makhleb
Okawaru
Qazlal
Ru
Sif Muna
Trog
Uskayaw
Vehumet
Wu Jian
Zin

Shops:
D:4 *


Innate Abilities, Weirdness & Mutations

Your body is rotting away.
You thrive on raw meat.
You are immune to poison.
You have sharp fingernails.
You are carnivorous and can eat meat at any time.
Your flesh is cold resistant. (rC+)
You are immune to negative energy. (rN+++)
You do not regenerate when monsters are visible.
You are immune to unholy pain and torment.
You can survive without breathing.
Your life essence is reduced to manifest your ancestor. (-10% HP)


Message History

You are confused.
You feel invigorated.
The orc warrior hits you but does no damage.
You're too confused to move!
An orc comes into view. It is wielding a +0 whip of flaming.
The orc warrior hits you with a +0 dire flail!
You're too confused!
You claw the orc warrior!
The orc warrior is severely wounded.
You feel much better.
The orc warrior hits you with a +0 dire flail!
You scratch the orc warrior.
The orc warrior is almost dead.
The orc warrior hits you with a +0 dire flail!!
* * * LOW HITPOINT WARNING * * *
You're too confused!
Okay, then.
You eat one of the 8 rations.
That ration really hit the spot!
The orc warrior hits you with a +0 dire flail!
You die...

## #.. #.. #.# ###
#.###.## #####
##.##...##
#@oo#####..#.....#
###ggggo..........
####og##........
#..#.........
#g...........
#g...........
##R##.......)÷
#..##.........
#go###........


You could see 2 orc warriors, a gnoll shaman, 4 gnolls and 2 orcs.

Vanquished Creatures
  Sigmund (D:2)
  2 ogres
  Blork the orc (D:5)
  A scorpion (D:6)
  A howler monkey (D:4)
  A crimson imp (D:5)
  A hound (D:5)
  A centaur skeleton (D:5)
  2 orc priests
  4 orc wizards
  Jessica (D:2)
  Ijyb (D:3)
  Terence (D:2)
  Natasha (D:2)
  An iguana (D:3)
  A worker ant (D:4)
  A hound zombie (D:6)
  3 adders
  An adder skeleton (D:4)
  An adder zombie (D:6)
  4 worms
  3 dart slugs
  2 leopard geckos
  11 orcs
  5 bats
  5 giant cockroaches
  6 goblins
  12 hobgoblins
  11 jackals
  2 quokkas
  2 ball pythons
  A ball python skeleton (D:5)
  5 frilled lizards
  6 kobolds
  2 quokka skeletons (D:5)
  5 rats
109 creatures vanquished.

Vanquished Creatures (collateral kills)
  2 orc priests (D:5)
  A worker ant (D:6)
  An orc wizard (D:5)
  A howler monkey skeleton (D:6)
  An orc (D:6)
6 creatures vanquished.

Vanquished Creatures (others)
  An ancestor (D:6)
1 creature vanquished.

Grand Total: 116 creatures vanquished

Notes
Turn   | Place    | Note
-------+----------+-------------------------------------------
     0 | D:1      | FrankyJ the Ghoul Gladiator began the quest for the Orb.
     0 | D:1      | Reached XP level 1. HP: 17/17 MP: 0/0
    74 | D:1      | Reached XP level 2. HP: 21/24 MP: 1/1
   482 | D:1      | Reached XP level 3. HP: 25/30 MP: 2/2
   743 | D:2      | Upgraded the game from 0.24-a0-73-g81bb1ad to
                  | 0.24-a0-84-g25a2d9f
   769 | D:2      | Noticed Sigmund
   849 | D:2      | Noticed Jessica
   902 | D:2      | Killed Jessica
   902 | D:2      | Reached skill level 4 in Unarmed Combat
   902 | D:2      | Reached XP level 4. HP: 29/38 MP: 3/3
  1114 | D:2      | Noticed Terence
  1184 | D:2      | Killed Terence
  1583 | D:2      | Killed Sigmund
  1583 | D:2      | Reached skill level 5 in Unarmed Combat
  1583 | D:2      | Reached XP level 5. HP: 7/45 MP: 4/4
  1583 | D:2      | Reached XP level 6. HP: 7/51 MP: 5/5
  1910 | D:2      | Noticed Natasha
  1918 | D:2      | Killed Natasha
  2074 | D:2      | Found a bloodstained altar of Trog.
  2074 | D:2      | Found an iron altar of Okawaru.
  2405 | D:3      | Noticed Ijyb
  2418 | D:3      | Killed Ijyb
  2917 | D:4      | Found Iribilerghas's Assorted Antiques.
  2923 | D:4      | Bought a shiny scale mail for 133 gold pieces
  2978 | D:4      | Upgraded the game from 0.24-a0-84-g25a2d9f to
                  | 0.24-a0-93-ge1bfdf8
  3192 | D:4      | Reached XP level 7. HP: 52/60 MP: 6/6
  3307 | D:4      | Reached skill level 1 in Armour
  3379 | D:4      | Reached skill level 5 in Fighting
  3910 | D:5      | Entered Level 5 of the Dungeon
  3910 | D:5      | Found an iron altar of Okawaru.
  3989 | D:5      | Reached skill level 6 in Unarmed Combat
  4202 | D:5      | Found a blossoming altar of Fedhas.
  4202 | D:5      | Found an ancient bone altar of Kikubaaqudgha.
  4225 | D:5      | Noticed Blork the orc
  4236 | D:5      | Killed Blork the orc
  4236 | D:5      | Reached XP level 8. HP: 57/70 MP: 7/7
  4305 | D:5      | Found a staircase to the Ecumenical Temple.
  4351 | Temple   | Entered the Ecumenical Temple
  4551 | Temple   | Became a worshipper of Hepliaklqana the Forgotten
  5496 | D:6      | Reached skill level 7 in Unarmed Combat
  5566 | D:6      | Slain by an orc warrior

Levels and vault maps discovered:
D:1:      dpeg_arrival_signposts, layout_rooms
D:2:      layout_basic, gammafunk_temple_overflow_elements, uniq_natasha,
          uniq_jessica, uniq_terence, uniq_sigmund
D:3:      layout_loops_ring, first_ration, minmay_bisected, uniq_ijyb
D:4:      layout_loops_corners, serial_shops, nicolae_shop_crystal
D:5:      layout_basic, grunt_temple_overflow_growth_and_decay,
          minmay_temple_entry_purple_smoke, okawaru_metal_pillars_3,
          uniq_blork_the_orc
D:6:      layout_cave_pods, gup_sewer_entry_glass
Temple:   nicolae_temple_figure_eight

Skill      XL: |  1  2  3  4  5  6  7  8 |
---------------+-------------------------+-----
Dodging        | 3 |  3.4
Throwing       | 2 3 4 |  4.0
Fighting       | 3 4 5 6 |  6.1
Unarmed Combat | 4 5 6 7 |  7.0
Armour         | 2 3 |  3.0

Action                   |  1- 3 |  4- 6 |  7- 9 || total
-------------------------+-------+-------+-------++-------
Melee: Unarmed           |    65 |   146 |   172 ||   383
       Punch             |     1 |     3 |     5 ||     9
       Hand axe          |       |    15 |       ||    15
Throw: Throwing net      |       |       |     4 ||     4
       Javelin           |       |       |     5 ||     5
Invok: Recall Ancestor   |       |       |     1 ||     1
       Ancestor Identity |       |       |     1 ||     1
Evoke: Wand              |       |     2 |       ||     2
  Use: Potion            |       |     1 |     3 ||     4
       Scroll            |       |       |    13 ||    13
 Stab: Sleeping          |       |       |     1 ||     1
  Eat: Chunk             |       |    15 |    18 ||    33
       Ration            |       |     1 |     1 ||     2
Armor: Leather armour    |    17 |    31 |    38 ||    86
Dodge: Dodged            |    40 |    78 |    83 ||   201

Table legend:
 A = Non-vault XP
 B = Vault XP
 C = Vault XP percentage of total XP
 D = Non-vault monster count
 E = Vault monster count
 F = Vault count percentage of total count
                 A         B        C        D         E       F
            +---------+---------+-------+---------+---------+-------
      Total |    1197 |     479 |  28.6 |     107 |       8 |   7.0
            +---------+---------+-------+---------+---------+-------
        D:1 |      44 |       0 |   0.0 |      23 |       0 |   0.0
        D:2 |      34 |     346 |  91.1 |      12 |       4 |  25.0
        D:3 |      82 |      39 |  32.2 |      20 |       3 |  13.0
        D:4 |     359 |       0 |   0.0 |      15 |       0 |   0.0
        D:5 |     515 |      94 |  15.4 |      25 |       1 |   3.8
        D:6 |     163 |       0 |   0.0 |      12 |       0 |   0.0
            +---------+---------+-------+---------+---------+-------
